AoeStats
← Rainbow Pirate

Black Forest

503446630Analyzed
4v4 RM · 1mo ago on Aug 31, 2026· 55m 55s· 8 players
Game mode
Random Map
Map size
Large (8 player)
Population
200
Speed
Normal
Resources
Standard
Victory
Conquest
Starting age
Dark Age
Ending age
Imperial Age
RankedLock teamsTeams togetherTeam positionsShared explorationLock speedFull tech treeHidden civsTurbo modeCheats
Victory
Defeat
🇹🇷 Persians · Türkiye
1072
+14
🇨🇭 Romans · Switzerland
1070
+14
🇫🇷 Aztecs · France
1070
+14
🇺🇸 Koreans · United States
993
+18
🇹🇷 Gurjaras · Türkiye
1048
-16
🇷🇴 Magyars · Romania
1040
-15
🇬🇧 Franks · United Kingdom
1032
-15
🇬🇧 Slavs · United Kingdom
1008
-14
Nielu256
11:39 Feudal Age
15:32 Castle Age
13:24 Double-Bit Axe
13:20 Horse Collar
17:08 Bow Saw
16:59 Heavy Plow
22:28 Wheelbarrow
21:39 Town Watch
22:17 Stone Mining
22:21 Gold Mining
23:57 Scale Barding Armor
25:23 Loom
25:54 Hand Cart
25:39 Town Patrol
29:36 Imperial Age
28:26 Fletching
28:37 Padded Archer Armor
28:57 Chain Barding Armor
28:56 Bloodlines
28:48 Husbandry
29:36 Corvinian Army
29:39 Bodkin Arrow
30:13 Ballistics
31:09 Parthian Tactics
30:50 Thumb Ring
32:44 Chemistry
31:54 Masonry
31:52 Bracer
32:07 Leather Archer Armor
32:38 Hand Cart
33:20 Hoardings
33:14 Siege Engineers
33:22 Masonry
33:56 Plate Barding Armor
33:54 Conscription
34:17 Recurve Bow
34:13 Elite Magyar Huszar
36:26 Ring Archer Armor
37:28 Two-Man Saw
36:59 Crop Rotation
36:33 Caravan
37:45 Scale Mail Armor
37:12 Pikeman
37:39 Arson
37:54 Halberdier
40:10 Block Printing
40:15 Sanctity
40:06 Fervor
40:24 Illumination
40:56 Heavy Cavalry Archer
42:14 Chain Mail Armor
Rainbow Pirate
2:11 Loom
14:12 Feudal Age
14:52 Double-Bit Axe
15:02 Horse Collar
19:15 Castle Age
17:10 Gold Mining
18:13 Wheelbarrow
21:10 Bow Saw
21:21 Heavy Plow
21:40 Stone Mining
22:32 Gold Shaft Mining
24:32 Hand Cart
24:50 Pikeman
28:14 Scale Mail Armor
29:05 Caravan
29:10 Town Watch
33:45 Imperial Age
31:51 Squires
31:23 Man-at-Arms
32:10 Long Swordsman
33:21 Chain Mail Armor
33:31 Town Patrol
33:47 Forging
33:27 Fletching
34:19 Capped Ram
35:30 Plate Mail Armor
35:36 Iron Casting
34:23 Halberdier
35:36 Conscription
35:56 Bodkin Arrow
35:23 Two-Handed Swordsman
36:34 Onager
38:28 Two-Man Saw
38:04 Crop Rotation
40:44 Blast Furnace
40:23 Hoardings
40:22 Siege Engineers
41:18 Chemistry
41:24 Champion
42:09 Heavy Scorpion
43:13 Druzhina
51:56 Siege Onager
Leasdon
3:20 Loom
10:58 Feudal Age
11:47 Double-Bit Axe
18:19 Castle Age
30:59 Bow Saw
30:54 Husbandry
31:07 Forging
31:03 Scale Barding Armor
30:22 Light Cavalry
34:58 Imperial Age
33:28 Caravan
35:44 Cavalier
37:06 Iron Casting
36:52 Chain Barding Armor
37:29 Scale Mail Armor
37:49 Chain Barding Armor
40:07 Paladin
44:59 Blast Furnace
47:32 Plate Barding Armor
tataglia
3:01 Loom
12:18 Feudal Age
18:06 Castle Age
17:26 Fletching
17:25 Horse Collar
17:46 Double-Bit Axe
21:05 Wheelbarrow
22:21 Bodkin Arrow
27:03 Gold Mining
33:21 Imperial Age
31:48 Stone Mining
32:22 Scale Barding Armor
33:29 Masonry
33:53 Town Watch
34:51 Bracer
35:18 Ballistics
35:59 Conscription
37:35 Treadmill Crane
40:35 Illumination
41:05 Fervor
41:10 Redemption
42:07 Hand Cart
42:03 Scale Mail Armor
42:14 Forging
43:00 Theocracy
42:34 Herbal Medicine
45:19 Architecture
45:51 Chemistry
45:56 Sanctity
49:24 Murder Holes
51:21 Chain Mail Armor
51:42 Iron Casting
55:13 Heavy Plow
55:39 Chain Barding Armor
55:19 Padded Archer Armor
55:50 Plate Mail Armor
Kryptonknight
1:03 Loom
13:18 Feudal Age
17:43 Castle Age
16:59 Fletching
17:47 Crossbowman
19:18 Bodkin Arrow
24:53 Wheelbarrow
26:40 Wheelbarrow
26:06 Double-Bit Axe
33:23 Hand Cart
37:35 Imperial Age
40:38 Imperial Age
42:18 Conscription
42:39 Siege Engineers
42:57 Ballistics
42:00 Elite Skirmisher
44:28 Masonry
47:34 Bow Saw
47:04 Horse Collar
47:28 Bracer
50:35 Chemistry
50:07 Architecture
49:53 Arrowslits
50:12 Eupseong
Civilgarlic
1:12 Loom
12:57 Feudal Age
18:42 Castle Age
18:36 Double-Bit Axe
24:07 Bow Saw
24:22 Horse Collar
27:26 Wheelbarrow
32:00 Imperial Age
29:51 Man-at-Arms
30:33 Squires
30:36 Scale Mail Armor
31:01 Hand Cart
30:40 Long Swordsman
31:28 Heavy Plow
33:22 Chain Mail Armor
33:50 Crop Rotation
33:32 Gold Mining
34:00 Legionary
34:52 Forging
34:26 Pikeman
36:26 Iron Casting
35:44 Halberdier
39:03 Blast Furnace
45:22 Caravan
49:58 Chemistry
49:12 Masonry
50:52 Heavy Scorpion
53:22 Ballistas
53:45 Comitatenses
math-hbcn
4:39 Loom
11:04 Feudal Age
14:43 Castle Age
13:26 Double-Bit Axe
14:12 Horse Collar
17:38 Bow Saw
20:28 Stone Mining
20:52 Heavy Plow
21:29 Town Watch
23:33 Wheelbarrow
24:35 Stone Shaft Mining
24:48 Gold Mining
30:15 Imperial Age
28:46 Gold Shaft Mining
29:01 Scale Mail Armor
29:12 Forging
29:36 Hand Cart
29:43 Treadmill Crane
30:46 Chain Mail Armor
31:47 Conscription
30:50 Capped Ram
31:52 Squires
31:38 Arson
33:15 Garland Wars
33:33 Caravan
33:27 Elite Jaguar Warrior
35:27 Plate Mail Armor
35:07 Siege Ram
37:45 Iron Casting
38:46 Redemption
38:51 Block Printing
38:47 Fervor
38:38 Atonement
39:00 Heresy
39:02 Sanctity
39:20 Theocracy
38:46 Devotion
38:45 Herbal Medicine
39:19 Illumination
41:14 Eagle Warrior
41:40 Gambesons
`TryAki
0:27 Loom
11:03 Feudal Age
12:27 Horse Collar
12:33 Double-Bit Axe
20:12 Castle Age
34:45 Imperial Age
33:06 Wheelbarrow
32:17 Town Watch
32:38 Heavy Plow
32:53 Bow Saw
32:48 Caravan
32:46 Gold Mining
32:46 Stone Mining
33:15 Town Patrol
34:18 Gold Shaft Mining
34:13 Hand Cart
34:42 Stone Shaft Mining
34:25 Bow Saw
34:37 Elite War Elephant
35:39 Conscription
36:01 Crop Rotation
36:38 Two-Man Saw
35:59 Bloodlines
35:50 Husbandry
36:44 Scale Barding Armor
36:49 Forging
39:26 Iron Casting
39:18 Chain Barding Armor
41:51 Plate Barding Armor
42:16 Blast Furnace
42:26 Blast Furnace
41:44 Devotion
42:45 Faith
48:12 Pikeman
48:52 Squires
48:38 Arson
48:56 Scale Mail Armor
52:19 Chain Mail Armor
Connection lost

Rejoining the realm…

Still unreachable

The connection could not be restored.

Session expired

The server has moved on; the page needs a fresh start.